MINNESOTA Wild vs VEGAS Golden Knights

Created - 17 mars 2024 at 14:00

Goals
1 2 3 T
MINNESOTA Wild 1 2 3 6
VEGAS Golden Knights 2 0 2 4
Shots
1 2 3 T
MINNESOTA Wild 12 11 17 40
VEGAS Golden Knights 9 4 12 25

1st period

1. MINNESOTA Wild , Robert Thomas 18 (Kevin Fiala 23, Martin Necas 19) at 9:25
2. VEGAS Golden Knights , Filip Chytil 11 (Evgenii Dadonov 5, Adam Larsson 22) at 14:12
3. VEGAS Golden Knights , Mikael Granlund 8 (Sebastian Aho 35, Tony DeAngelo 23) at 16:52 (PP)

Penalties :
Tomas Tatar (VGK) for Cross-checking (Minor) at 1:43, Brenden Dillon (VGK) for Interference (Minor) at 2:39, Noah Hanifin (VGK) for Holding (Minor) at 5:11, Martin Necas (MIN) for Hooking (Minor) at 6:56, Adam Larsson (VGK) for Hooking (Minor) at 10:49, Kevin Fiala (MIN) for Hooking (Minor) at 15:28, Adam Larsson (VGK) for Fighting (Major) at 17:10, Kevin Fiala (MIN) for Fighting (Major) at 17:10, Brenden Dillon (VGK) for Slashing (Minor) at 17:34, Noah Hanifin (VGK) for Tripping (Minor) at 17:54

2nd period

4. MINNESOTA Wild , Taylor Hall 8 (Zach Werenski 4, Yanni Gourde 12) at 5:31
5. MINNESOTA Wild , Trevor Moore 6 (Taylor Hall 6, Zach Werenski 5) at 16:49

Penalties :
Filip Chytil (VGK) for Cross-checking (Minor) at 10:29, Caleb Jones (MIN) for Delaying the game (Minor) at 10:29

3rd period

6. MINNESOTA Wild , Martin Necas 20 (Alexandre Carrier 27) at 6:27
7. MINNESOTA Wild , Nikita Kucherov 19 (J.T. Miller 42, Alex Pietrangelo 32) at 6:42
8. VEGAS Golden Knights , Filip Chytil 12 (Noah Hanifin 27, Colton Sissons 28) at 9:06
9. VEGAS Golden Knights , Adam Larsson 8 (Olli Maatta 10) at 18:01
10. MINNESOTA Wild , J.T. Miller 29 (Zach Werenski 6, Nikita Kucherov 27) at 18:48

Penalties :
J.T. Miller (MIN) for Delaying the game (Minor) at 1:20, Andrei Svechnikov (VGK) for Tripping (Minor) at 12:24, Mattias Ekholm (MIN) for Holding (Minor) at 19:34

Goalie Stats

Ilya Samsonov (MIN), 21 saves from 25 shots - (0,840), W, 32-16-4, 60:00 minutes
Anton Forsberg (VGK), 34 saves from 40 shots - (0,850), L, 25-22-5, 60:00 minutes

Players Stats for MINNESOTA Wild

Player Name              G  A  P  +/- PIM S  H  SB GA TA FO     MP     PP MP  PK MP  
------------------------------------------------------------------------------------
Alex Pietrangelo         0  1  1   0  0   1  1  0  0  0  0/0    26:15   5:23   2:56 
Alexandre Carrier        0  1  1   0  0   0  4  1  0  0  0/0    23:16   4:37   2:37 
Anton Lundell            0  0  0  -1  0   2  0  0  0  0  3/7     6:05   0:00   1:18 
Caleb Jones              0  0  0   3  2   1  2  0  0  0  0/0    10:38   0:37   0:10 
Denis Malgin             0  0  0  -1  0   1  0  0  0  0  0/0     5:24   0:37   0:00 
J.T. Miller              1  1  2   2  2   5  2  0  0  0  24/45  25:22   5:40   2:41 
Kevin Fiala              0  1  1   1  7   5  0  0  0  0  3/4    16:39   3:40   0:00 
Martin Necas             1  1  2   1  2   3  0  0  0  0  2/3    17:38   4:19   0:21 
Mathieu Joseph           0  0  0  -1  0   0  2  0  0  0  0/0     4:47   0:00   0:00 
Mattias Ekholm           0  0  0   0  2   2  2  4  0  0  0/0    26:04   5:23   2:46 
Morgan Rielly            0  0  0   0  0   0  1  2  0  0  0/0    23:16   4:37   2:37 
Nikita Kucherov          1  1  2   2  0   4  1  0  0  0  0/1    22:42   5:40   0:00 
Robert Thomas            1  0  1   1  0   4  1  0  0  0  11/18  19:48   4:20   1:18 
Taylor Hall              1  1  2   1  0   2  0  0  0  0  0/2     9:08   1:17   0:00 
Trevor Moore             1  0  1   1  0   2  2  0  0  0  4/5    10:13   0:00   1:13 
Tyler Toffoli            0  0  0   2  0   4  1  0  0  0  2/4    21:41   5:40   0:00 
Yanni Gourde             0  1  1   1  0   2  1  0  0  0  8/11   12:43   0:37   4:15 
Zach Werenski            0  3  3   3  0   2  0  0  0  0  0/0    10:29   0:37   0:00 

Players Stats for VEGAS Golden Knights

Player Name              G  A  P  +/- PIM S  H  SB GA TA FO     MP     PP MP  PK MP  
------------------------------------------------------------------------------------
Adam Larsson             1  1  2  -1  7   4  4  2  0  0  0/0    20:42   0:00   4:03 
Alex Killorn             0  0  0   0  0   4  1  0  0  0  0/4    18:43   2:58   2:41 
Andrei Svechnikov        0  0  0   0  2   4  4  1  0  0  0/0    15:38   3:45   0:00 
Brenden Dillon           0  0  0  -1  4   0  1  1  0  0  0/0    15:53   0:00   3:23 
Colton Sissons           0  1  1   0  0   0  2  0  0  0  18/36  18:31   2:35   6:19 
Devin Shore              0  0  0  -1  0   0  0  0  0  0  1/1     6:03   0:00   0:22 
Evgenii Dadonov          0  1  1   0  0   0  0  0  0  0  0/1     9:37   0:00   0:00 
Filip Chytil             2  0  2   0  2   3  2  1  0  0  0/0    12:11   2:35   0:00 
Jared McCann             0  0  0  -2  0   1  0  0  0  0  0/0    18:26   2:58   0:00 
Jordan Oesterle          0  0  0  -1  0   0  2  0  0  0  0/0    13:31   0:00   2:43 
Mikael Granlund          1  0  1   0  0   2  2  0  0  0  3/12   16:02   1:48   1:17 
Noah Hanifin             0  1  1  -1  4   0  2  4  0  0  0/0    22:55   3:45   3:16 
Noel Acciari             0  0  0  -1  0   0  0  0  0  0  5/7     8:22   0:00   2:41 
Olli Maatta              0  1  1  -1  0   1  2  3  0  0  0/0    23:44   0:00   7:09 
Phil Di Giuseppe         0  0  0  -1  0   1  0  1  0  0  0/0     5:41   0:00   0:00 
Sebastian Aho            0  1  1  -2  0   3  4  0  0  0  15/35  24:04   2:58   5:31 
Tomas Tatar              0  0  0  -2  2   0  3  0  0  0  1/4    16:59   2:35   0:00 
Tony DeAngelo            0  1  1  -1  0   2  1  0  0  0  0/0    17:17   1:48   0:19 

3 Stars

1 - Zach Werenski (MIN)
2 - Nikita Kucherov (MIN)
3 - J.T. Miller (MIN)

Power Play

MINNESOTA Wild - 0 on 7 Attempt(s) - 0,00%
VEGAS Golden Knights - 1 on 4 Attempt(s) - 25,00%

Penalty Kill

MINNESOTA Wild - 3 on 4 Attempt(s) - 75,00% - Score 0 goal in Penalty Kill
VEGAS Golden Knights - 7 on 7 Attempt(s) - 100,00% - Score 0 goal in Penalty Kill

Team Stat

MINNESOTA Wild - Hits : 20 - Faceoff Wins : 57 - Blocked Shots : 7 - Penalty Minutes : 15
VEGAS Golden Knights - Hits : 30 - Faceoff Wins : 43 - Blocked Shots : 13 - Penalty Minutes : 21

Official

Referees : Corey Syvret and Mitch Dunning
Linesman : Travis Gawryletz and Doug Krell

Game Notes

Adam Larsson and Kevin Fiala fight to a draw at 17:10 of 1st period

Finance

Level 1 -- Attendance: 4876 (81,27%) -- Ticket Income $487,600
Level 2 -- Attendance: 4516 (90,32%) -- Ticket Income $270,960
Level 3 -- Attendance: 2000 (100,00%) -- Ticket Income $70,000
Level 4 -- Attendance: 3040 (76,00%) -- Ticket Income $76,000
Luxury Box -- Attendance: 748 (74,80%) -- Ticket Income $149,600
Game was played at the T-Mobile Arena.
Total Attendance: 15180 (84,33%)
Total Ticket Income: $1,054,160
Other Income: $263,540
Total Income: $1,317,700

MINNESOTA Wild

5 vs 5 Forward 
   Center                   Left Wing                Right Wing               Time % Phy DF OF 
 1 J.T. Miller              Tyler Toffoli            Nikita Kucherov          40     1   2  2  
 2 Robert Thomas            Kevin Fiala              Martin Necas             32     1   2  2  
 3 Yanni Gourde             Taylor Hall              Trevor Moore             20     1   2  2  
 4 Anton Lundell            Mathieu Joseph           Denis Malgin             8      1   3  1  

5 vs 5 Defense 
   Defense                  Defense                                           Time % Phy DF OF 
 1 Alex Pietrangelo         Mattias Ekholm                                    40     1   2  2  
 2 Morgan Rielly            Alexandre Carrier                                 32     1   3  1  
 3 Zach Werenski            Caleb Jones                                       20     1   3  1  
 4 Alex Pietrangelo         Mattias Ekholm                                    8      1   2  2  

PowerPlay Forward 
   Center                   Left Wing                Right Wing               Time % Phy DF OF 
 1 J.T. Miller              Tyler Toffoli            Nikita Kucherov          60     1   1  3  
 2 Robert Thomas            Kevin Fiala              Martin Necas             40     1   1  3  

PowerPlay Defense
   Defense                  Defense                                           Time % Phy DF OF 
 1 Alex Pietrangelo         Mattias Ekholm                                    60     1   2  2  
 2 Morgan Rielly            Alexandre Carrier                                 40     1   2  2  

Penalty Kill 4 Players Forward 
   Center                   Wing                     Time % Phy DF OF 
 1 J.T. Miller              Yanni Gourde             60     1   3  1  
 2 Anton Lundell            Robert Thomas            40     1   3  1  

Penalty Kill 4 Players Defense
   Defense                  Defense                  Time % Phy DF OF 
 1 Alex Pietrangelo         Mattias Ekholm           60     1   3  1  
 2 Morgan Rielly            Alexandre Carrier        40     1   3  1  

Penalty Kill - 3 Players Forward 
   Forward                                           Time % Phy DF OF 
 1 J.T. Miller                                       60     1   3  1  
 2 Yanni Gourde                                      40     1   3  1  

Penalty Kill - 3 Players Defense
   Defense                  Defense                  Time % Phy DF OF 
 1 Alex Pietrangelo         Mattias Ekholm           60     1   3  1  
 2 Morgan Rielly            Alexandre Carrier        40     1   3  1  

4 vs 4 Forward 
   Center                   Wing                     Time % Phy DF OF 
 1 J.T. Miller              Nikita Kucherov          60     1   2  2  
 2 Robert Thomas            Kevin Fiala              40     1   2  2  

4 vs 4 Defense
   Defense                  Defense                  Time % Phy DF OF 
 1 Alex Pietrangelo         Mattias Ekholm           60     1   2  2  
 2 Morgan Rielly            Alexandre Carrier        40     1   2  2  

Last Minutes Offensive
   Center                   Left Wing                Right Wing               Defense                  Defense                  
   J.T. Miller              Tyler Toffoli            Nikita Kucherov          Alex Pietrangelo         Mattias Ekholm           

Last Minutes Defensive
   Center                   Left Wing                Right Wing               Defense                  Defense                  
   J.T. Miller              Yanni Gourde             Robert Thomas            Alex Pietrangelo         Mattias Ekholm           

Goaltenders
Starting : Ilya Samsonov            
Backup : Jack Campbell            

Extra Forwards
Normal : Trevor Moore, Anton Lundell, Mathieu Joseph - PP : Taylor Hall, Yanni Gourde - PK : Trevor Moore
Extra Defensemen
Normal : Zach Werenski, Caleb Jones, Alexandre Carrier - PP : Zach Werenski - PK : Caleb Jones, Zach Werenski
Penalty Shots
Nikita Kucherov, Tyler Toffoli, J.T. Miller, Kevin Fiala, Martin Necas

Scratches
None

VEGAS Golden Knights

5 vs 5 Forward 
   Center                   Left Wing                Right Wing               Time % Phy DF OF 
 1 Sebastian Aho            Jared McCann             Tomas Tatar              36     1   2  2  
 2 Mikael Granlund          Andrei Svechnikov        Alex Killorn             30     1   2  2  
 3 Colton Sissons           Filip Chytil             Evgenii Dadonov          25     1   2  2  
 4 Noel Acciari             Phil Di Giuseppe         Devin Shore              9      1   2  2  

5 vs 5 Defense 
   Defense                  Defense                                           Time % Phy DF OF 
 1 Adam Larsson             Olli Maatta                                       40     1   2  2  
 2 Noah Hanifin             Tony DeAngelo                                     33     1   2  2  
 3 Brenden Dillon           Jordan Oesterle                                   22     1   2  2  
 4 Adam Larsson             Noah Hanifin                                      5      1   2  2  

PowerPlay Forward 
   Center                   Left Wing                Right Wing               Time % Phy DF OF 
 1 Sebastian Aho            Jared McCann             Alex Killorn             65     0   1  4  
 2 Colton Sissons           Filip Chytil             Tomas Tatar              35     0   2  3  

PowerPlay Defense
   Defense                  Defense                                           Time % Phy DF OF 
 1 Andrei Svechnikov        Noah Hanifin                                      65     0   1  4  
 2 Mikael Granlund          Tony DeAngelo                                     35     0   2  3  

Penalty Kill 4 Players Forward 
   Center                   Wing                     Time % Phy DF OF 
 1 Colton Sissons           Sebastian Aho            60     1   3  1  
 2 Noel Acciari             Alex Killorn             40     1   3  1  

Penalty Kill 4 Players Defense
   Defense                  Defense                  Time % Phy DF OF 
 1 Adam Larsson             Brenden Dillon           60     1   3  1  
 2 Noah Hanifin             Olli Maatta              40     1   3  1  

Penalty Kill - 3 Players Forward 
   Forward                                           Time % Phy DF OF 
 1 Colton Sissons                                    60     0   5  0  
 2 Sebastian Aho                                     40     0   5  0  

Penalty Kill - 3 Players Defense
   Defense                  Defense                  Time % Phy DF OF 
 1 Adam Larsson             Noah Hanifin             60     0   5  0  
 2 Brenden Dillon           Olli Maatta              40     0   5  0  

4 vs 4 Forward 
   Center                   Wing                     Time % Phy DF OF 
 1 Sebastian Aho            Alex Killorn             60     1   2  2  
 2 Mikael Granlund          Jared McCann             40     1   2  2  

4 vs 4 Defense
   Defense                  Defense                  Time % Phy DF OF 
 1 Adam Larsson             Tony DeAngelo            60     1   2  2  
 2 Noah Hanifin             Brenden Dillon           40     1   2  2  

Last Minutes Offensive
   Center                   Left Wing                Right Wing               Defense                  Defense                  
   Sebastian Aho            Jared McCann             Alex Killorn             Tony DeAngelo            Noah Hanifin             

Last Minutes Defensive
   Center                   Left Wing                Right Wing               Defense                  Defense                  
   Sebastian Aho            Colton Sissons           Alex Killorn             Adam Larsson             Noah Hanifin             

Goaltenders
Starting : Anton Forsberg           
Backup : Pyotr Kochetkov          

Extra Forwards
Normal : Jared McCann, Sebastian Aho, Alex Killorn - PP : Sebastian Aho, Mikael Granlund - PK : Colton Sissons
Extra Defensemen
Normal : Adam Larsson, Noah Hanifin, Brenden Dillon - PP : Tony DeAngelo - PK : Adam Larsson, Noah Hanifin
Penalty Shots
Sebastian Aho, Jared McCann, Andrei Svechnikov, Alex Killorn, Tomas Tatar

Scratches
Mike Reilly (Healthy)

% Time on Ice - MINNESOTA Wild

Lines # - Real PCT - Wanted PCT - Time Play
Normal Forward
1 - 38% - 40% - 16:01
2 - 31% - 32% - 12:58
3 - 19% - 20% - 7:51
4 - 11% - 8% - 4:47
Normal Defense
1 - 40% - 40% - 16:30
2 - 37% - 32% - 15:15
3 - 24% - 20% - 9:52
4 - 0% - 8% - 0:00
PP Forward
1 - 59% - 60% - 6:17
2 - 41% - 40% - 4:20
PP Defense
1 - 51% - 60% - 5:23
2 - 49% - 40% - 5:14
PK Forward
1 - 77% - 60% - 4:15
2 - 23% - 40% - 1:18
PK Defense
1 - 53% - 60% - 2:56
2 - 47% - 40% - 2:37
PK3 Forward
1 - 0% - 60%
2 - 0% - 40%
PK3 Defense
1 - 0% - 60%
2 - 0% - 40%
44 Forward
1 - 46% - 60% - 1:01
2 - 54% - 40% - 1:12
44 Defense
1 - 65% - 60% - 1:26
2 - 35% - 40% - 0:47
Last Minute Offensive  - 0:00
Last Minute Defensive  - 0:00
Total
Forward - 60:00
Defense - 60:00

% Time on Ice - VEGAS Golden Knights

Lines # - Real PCT - Wanted PCT - Time Play
Normal Forward
1 - 35% - 36% - 14:25
2 - 29% - 30% - 11:54
3 - 23% - 25% - 9:37
4 - 14% - 9% - 5:41
Normal Defense
1 - 40% - 40% - 16:35
2 - 33% - 33% - 13:48
3 - 26% - 22% - 10:48
4 - 1% - 5% - 0:26
PP Forward
1 - 53% - 65% - 2:58
2 - 47% - 35% - 2:35
PP Defense
1 - 68% - 65% - 3:45
2 - 32% - 35% - 1:48
PK Forward
1 - 66% - 60% - 5:14
2 - 34% - 40% - 2:41
PK Defense
1 - 67% - 60% - 5:16
2 - 33% - 40% - 2:39
PK3 Forward
1 - 76% - 60% - 2:03
2 - 24% - 40% - 0:39
PK3 Defense
1 - 77% - 60% - 2:05
2 - 23% - 40% - 0:37
44 Forward
1 - 53% - 60% - 1:10
2 - 47% - 40% - 1:03
44 Defense
1 - 42% - 60% - 0:56
2 - 58% - 40% - 1:17
Last Minute Offensive  - 0:00
Last Minute Defensive  - 0:00
Total
Forward - 60:00
Defense - 60:00

Play-by-Play

1st period


0:01 of 1st period - J.T. Miller wins face-off versus Sebastian Aho in neutral zone.
0:06 of 1st period - Shot by Tyler Toffoli.
0:06 of 1st period - Stopped by Anton Forsberg without a rebound.
0:07 of 1st period - Robert Thomas wins face-off versus Alex Killorn in VEGAS Golden Knights zone.
0:19 of 1st period - Alex Killorn is hit by Alexandre Carrier and loses puck.
0:26 of 1st period - Shot by Tony DeAngelo.
0:26 of 1st period - Shot Misses the Net.
0:45 of 1st period - Andrei Svechnikov is hit by Alexandre Carrier and loses puck.
0:50 of 1st period - Shot by Andrei Svechnikov.
0:50 of 1st period - Stopped by Ilya Samsonov with a rebound.
0:52 of 1st period - Shot by Tony DeAngelo.
0:52 of 1st period - Stopped by Ilya Samsonov with a rebound.
1:30 of 1st period - Off-side.
1:31 of 1st period - Sebastian Aho wins face-off versus J.T. Miller in neutral zone.
1:43 of 1st period - Minor Penalty to Tomas Tatar for Cross-checking.
1:44 of 1st period - Colton Sissons wins face-off versus J.T. Miller in VEGAS Golden Knights zone.
1:44 of 1st period - Colton Sissons is hit by J.T. Miller.
2:21 of 1st period - J.T. Miller is hit by Adam Larsson and loses puck.
2:24 of 1st period - Shot by Mattias Ekholm.
2:24 of 1st period - Shot Blocked by Adam Larsson.
2:26 of 1st period - Shot by Mattias Ekholm.
2:26 of 1st period - Shot Misses the Net.
2:39 of 1st period - Minor Penalty to Brenden Dillon for Interference.
2:40 of 1st period - Colton Sissons wins face-off versus J.T. Miller in VEGAS Golden Knights zone.
3:55 of 1st period - Yanni Gourde is hit by Sebastian Aho and loses puck.
4:10 of 1st period - Shot by Caleb Jones.
4:10 of 1st period - Shot Blocked by Olli Maatta.
4:12 of 1st period - Shot by Denis Malgin.
4:12 of 1st period - Shot Misses the Net.
4:26 of 1st period - Shot by Caleb Jones.
4:26 of 1st period - Stopped by Anton Forsberg without a rebound.
4:27 of 1st period - Noel Acciari wins face-off versus J.T. Miller in VEGAS Golden Knights zone.
4:52 of 1st period - Shot by Anton Lundell.
4:52 of 1st period - Stopped by Anton Forsberg without a rebound.
4:53 of 1st period - Yanni Gourde wins face-off versus Colton Sissons in VEGAS Golden Knights zone.
4:53 of 1st period - Trevor Moore is hit by Noah Hanifin and loses puck.
5:01 of 1st period - Trevor Moore is hit by Tony DeAngelo and loses puck.
5:11 of 1st period - Minor Penalty to Noah Hanifin for Holding.
5:12 of 1st period - Robert Thomas wins face-off versus Colton Sissons in VEGAS Golden Knights zone.
5:21 of 1st period - Shot by Kevin Fiala.
5:21 of 1st period - Stopped by Anton Forsberg with a rebound.
5:23 of 1st period - Shot by Robert Thomas.
5:23 of 1st period - Stopped by Anton Forsberg without a rebound.
5:24 of 1st period - J.T. Miller wins face-off versus Colton Sissons in VEGAS Golden Knights zone.
5:25 of 1st period - Shot by Nikita Kucherov.
5:25 of 1st period - Shot Misses the Net.
6:09 of 1st period - Shot by Tyler Toffoli.
6:09 of 1st period - Stopped by Anton Forsberg without a rebound.
6:10 of 1st period - Noel Acciari wins face-off versus Robert Thomas in VEGAS Golden Knights zone.
6:38 of 1st period - Shot by Martin Necas.
6:38 of 1st period - Stopped by Anton Forsberg without a rebound.
6:39 of 1st period - J.T. Miller wins face-off versus Noel Acciari in VEGAS Golden Knights zone.
6:54 of 1st period - Shot by J.T. Miller.
6:54 of 1st period - Stopped by Anton Forsberg without a rebound.
6:55 of 1st period - Colton Sissons wins face-off versus Robert Thomas in VEGAS Golden Knights zone.
6:55 of 1st period - Colton Sissons is hit by Robert Thomas.
6:56 of 1st period - Minor Penalty to Martin Necas for Hooking.
6:57 of 1st period - Sebastian Aho wins face-off versus J.T. Miller in MINNESOTA Wild zone.
7:00 of 1st period - Shot by Alex Killorn.
7:00 of 1st period - Stopped by Ilya Samsonov without a rebound.
7:01 of 1st period - J.T. Miller wins face-off versus Sebastian Aho in MINNESOTA Wild zone.
7:25 of 1st period - Icing by Noah Hanifin.
7:26 of 1st period - Colton Sissons wins face-off versus J.T. Miller in VEGAS Golden Knights zone.
7:53 of 1st period - Shot by Noah Hanifin.
7:53 of 1st period - Shot Misses the Net.
8:20 of 1st period - Icing by Tony DeAngelo.
8:21 of 1st period - Sebastian Aho wins face-off versus J.T. Miller in VEGAS Golden Knights zone.
8:40 of 1st period - Shot by Tony DeAngelo.
8:40 of 1st period - Shot Misses the Net.
8:42 of 1st period - Shot by Sebastian Aho.
8:42 of 1st period - Stopped by Ilya Samsonov without a rebound.
8:43 of 1st period - Yanni Gourde wins face-off versus Sebastian Aho in MINNESOTA Wild zone.
9:10 of 1st period - Kevin Fiala is hit by Olli Maatta and loses puck.
9:21 of 1st period - Shot by Robert Thomas.
9:21 of 1st period - Shot Misses the Net.
9:23 of 1st period - Shot by Kevin Fiala.
9:23 of 1st period - Deflect By Robert Thomas.
9:23 of 1st period - Shot Blocked by Phil Di Giuseppe.
9:25 of 1st period - Shot by Robert Thomas.
9:25 of 1st period - Goal by Robert Thomas - MINNESOTA Wild : 1 - VEGAS Golden Knights : 0.
9:26 of 1st period - J.T. Miller wins face-off versus Sebastian Aho in neutral zone.
10:08 of 1st period - Shot by Nikita Kucherov.
10:08 of 1st period - Shot Misses the Net.
10:17 of 1st period - Alex Pietrangelo is hit by Noah Hanifin and loses puck.
10:29 of 1st period - Noah Hanifin is hit by Morgan Rielly.
10:49 of 1st period - Minor Penalty to Adam Larsson for Hooking.
10:50 of 1st period - Robert Thomas wins face-off versus Colton Sissons in VEGAS Golden Knights zone.
11:28 of 1st period - Icing by Alexandre Carrier.
11:29 of 1st period - Kevin Fiala wins face-off versus Colton Sissons in MINNESOTA Wild zone.
11:45 of 1st period - Icing by Robert Thomas.
11:46 of 1st period - Martin Necas wins face-off versus Alex Killorn in MINNESOTA Wild zone.
13:03 of 1st period - Shot by Taylor Hall.
13:03 of 1st period - Shot Misses the Net.
13:05 of 1st period - Shot by Yanni Gourde.
13:05 of 1st period - Shot Blocked by Noah Hanifin.
13:29 of 1st period - Shot by Yanni Gourde.
13:29 of 1st period - Shot Misses the Net.
13:31 of 1st period - Shot by Zach Werenski.
13:31 of 1st period - Stopped by Anton Forsberg without a rebound.
13:32 of 1st period - Noel Acciari wins face-off versus J.T. Miller in VEGAS Golden Knights zone.
13:44 of 1st period - Shot by Noel Acciari.
13:44 of 1st period - Shot Hit the Post.
14:02 of 1st period - Shot by Phil Di Giuseppe.
14:02 of 1st period - Stopped by Ilya Samsonov without a rebound.
14:03 of 1st period - Colton Sissons wins face-off versus Anton Lundell in MINNESOTA Wild zone.
14:12 of 1st period - Shot by Evgenii Dadonov.
14:12 of 1st period - Deflect By Filip Chytil.
14:12 of 1st period - Goal by Filip Chytil - MINNESOTA Wild : 1 - VEGAS Golden Knights : 1.
14:13 of 1st period - Kevin Fiala wins face-off versus Alex Killorn in neutral zone.
14:26 of 1st period - Shot by Andrei Svechnikov.
14:26 of 1st period - Stopped by Ilya Samsonov without a rebound.
14:27 of 1st period - Sebastian Aho wins face-off versus J.T. Miller in MINNESOTA Wild zone.
14:45 of 1st period - Icing by Adam Larsson.
14:46 of 1st period - Robert Thomas wins face-off versus Sebastian Aho in VEGAS Golden Knights zone.
15:07 of 1st period - Shot by Kevin Fiala.
15:07 of 1st period - Shot Misses the Net.
15:28 of 1st period - Minor Penalty to Kevin Fiala for Hooking.
15:29 of 1st period - Colton Sissons wins face-off versus J.T. Miller in MINNESOTA Wild zone.
15:34 of 1st period - Shot by Tomas Tatar.
15:34 of 1st period - Shot Misses the Net.
16:28 of 1st period - Shot by Sebastian Aho.
16:28 of 1st period - Stopped by Ilya Samsonov without a rebound.
16:29 of 1st period - J.T. Miller wins face-off versus Sebastian Aho in MINNESOTA Wild zone.
16:50 of 1st period - Shot by Sebastian Aho.
16:50 of 1st period - Shot Misses the Net.
16:52 of 1st period - Shot by Mikael Granlund.
16:52 of 1st period - Goal by Mikael Granlund - MINNESOTA Wild : 1 - VEGAS Golden Knights : 2.
16:53 of 1st period - Colton Sissons wins face-off versus Robert Thomas in neutral zone.
17:10 of 1st period - Adam Larsson and Kevin Fiala fight to a draw.
17:10 of 1st period - Penalty to Adam Larsson for Fighting.
17:10 of 1st period - Penalty to Kevin Fiala for Fighting.
17:11 of 1st period - Devin Shore wins face-off versus Anton Lundell in MINNESOTA Wild zone.
17:11 of 1st period - Brenden Dillon is hit by Alexandre Carrier and loses puck.
17:33 of 1st period - Anton Lundell is hit by Jordan Oesterle and loses puck.
17:34 of 1st period - Minor Penalty to Brenden Dillon for Slashing.
17:35 of 1st period - Colton Sissons wins face-off versus J.T. Miller in VEGAS Golden Knights zone.
17:45 of 1st period - Off-side.
17:46 of 1st period - Colton Sissons wins face-off versus J.T. Miller in neutral zone.
17:46 of 1st period - Noah Hanifin is hit by J.T. Miller and loses puck.
17:54 of 1st period - Minor Penalty to Noah Hanifin for Tripping.
17:55 of 1st period - Colton Sissons wins face-off versus J.T. Miller in VEGAS Golden Knights zone.
18:09 of 1st period - Icing by J.T. Miller.
18:10 of 1st period - Colton Sissons wins face-off versus J.T. Miller in MINNESOTA Wild zone.
18:21 of 1st period - Shot by J.T. Miller.
18:21 of 1st period - Shot Misses the Net.
18:23 of 1st period - Shot by Alex Pietrangelo.
18:23 of 1st period - Shot Misses the Net.
18:25 of 1st period - Shot by Alex Pietrangelo.
18:25 of 1st period - Shot Misses the Net.
18:27 of 1st period - Shot by Alex Pietrangelo.
18:27 of 1st period - Deflect By Nikita Kucherov.
18:27 of 1st period - Stopped by Anton Forsberg with a rebound.
18:31 of 1st period - Shot by Mattias Ekholm.
18:31 of 1st period - Shot Misses the Net.
18:33 of 1st period - Shot by Mattias Ekholm.
18:33 of 1st period - Shot Misses the Net.
18:35 of 1st period - Shot by Mattias Ekholm.
18:35 of 1st period - Shot Blocked by Olli Maatta.
18:37 of 1st period - Shot by Alex Pietrangelo.
18:37 of 1st period - Shot Blocked by Olli Maatta.
18:47 of 1st period - Shot by Nikita Kucherov.
18:47 of 1st period - Shot Misses the Net.
18:49 of 1st period - Shot by Mattias Ekholm.
18:49 of 1st period - Stopped by Anton Forsberg with a rebound.
19:04 of 1st period - Martin Necas is hit by Colton Sissons and loses puck.
19:39 of 1st period - Mathieu Joseph is hit by Brenden Dillon and loses puck.
Goals for this period are 1 for MINNESOTA Wild vs 2 for VEGAS Golden Knights.
Shots for this period are 12 for MINNESOTA Wild vs 9 for VEGAS Golden Knights.

2nd period


0:01 of 2nd period - Tomas Tatar wins face-off versus J.T. Miller in neutral zone.
0:35 of 2nd period - Shot by Sebastian Aho.
0:35 of 2nd period - Shot Misses the Net.
1:19 of 2nd period - Shot by Alex Killorn.
1:19 of 2nd period - Shot Misses the Net.
1:37 of 2nd period - Icing by Morgan Rielly.
1:38 of 2nd period - Robert Thomas wins face-off versus Colton Sissons in MINNESOTA Wild zone.
1:43 of 2nd period - Colton Sissons is hit by Trevor Moore and loses puck.
2:23 of 2nd period - Icing by Anton Lundell.
2:24 of 2nd period - Anton Lundell wins face-off versus Mikael Granlund in MINNESOTA Wild zone.
2:24 of 2nd period - Anton Lundell is hit by Andrei Svechnikov.
2:44 of 2nd period - Shot by Alex Killorn.
2:44 of 2nd period - Shot Misses the Net.
2:46 of 2nd period - Shot by Mikael Granlund.
2:46 of 2nd period - Deflect By Alex Killorn.
2:46 of 2nd period - Stopped by Ilya Samsonov without a rebound.
2:47 of 2nd period - J.T. Miller wins face-off versus Sebastian Aho in MINNESOTA Wild zone.
3:10 of 2nd period - Shot by J.T. Miller.
3:10 of 2nd period - Stopped by Anton Forsberg without a rebound.
3:11 of 2nd period - Mikael Granlund wins face-off versus Yanni Gourde in VEGAS Golden Knights zone.
3:11 of 2nd period - Mikael Granlund is hit by Yanni Gourde.
3:19 of 2nd period - Trevor Moore is hit by Mikael Granlund.
3:33 of 2nd period - Shot by Yanni Gourde.
3:33 of 2nd period - Stopped by Anton Forsberg without a rebound.
3:34 of 2nd period - J.T. Miller wins face-off versus Sebastian Aho in VEGAS Golden Knights zone.
5:09 of 2nd period - Shot by Robert Thomas.
5:09 of 2nd period - Deflect By Kevin Fiala.
5:09 of 2nd period - Stopped by Anton Forsberg without a rebound.
5:10 of 2nd period - Yanni Gourde wins face-off versus Colton Sissons in VEGAS Golden Knights zone.
5:23 of 2nd period - Shot by Trevor Moore.
5:23 of 2nd period - Shot Misses the Net.
5:31 of 2nd period - Shot by Taylor Hall.
5:31 of 2nd period - Goal by Taylor Hall - MINNESOTA Wild : 2 - VEGAS Golden Knights : 2.
5:32 of 2nd period - Noel Acciari wins face-off versus Anton Lundell in neutral zone.
5:40 of 2nd period - Alexandre Carrier is hit by Adam Larsson and loses puck.
5:50 of 2nd period - Shot by Anton Lundell.
5:50 of 2nd period - Shot Misses the Net.
6:14 of 2nd period - Adam Larsson is hit by Mathieu Joseph and loses puck.
6:40 of 2nd period - Icing by J.T. Miller.
6:41 of 2nd period - J.T. Miller wins face-off versus Colton Sissons in MINNESOTA Wild zone.
6:41 of 2nd period - J.T. Miller is hit by Filip Chytil.
6:52 of 2nd period - Shot by Brenden Dillon.
6:52 of 2nd period - Shot Misses the Net.
6:54 of 2nd period - Shot by Filip Chytil.
6:54 of 2nd period - Stopped by Ilya Samsonov without a rebound.
6:55 of 2nd period - Robert Thomas wins face-off versus Sebastian Aho in MINNESOTA Wild zone.
6:55 of 2nd period - Martin Necas is hit by Tomas Tatar and loses puck.
7:10 of 2nd period - Shot by Kevin Fiala.
7:10 of 2nd period - Shot Blocked by Noah Hanifin.
7:12 of 2nd period - Shot by Robert Thomas.
7:12 of 2nd period - Stopped by Anton Forsberg without a rebound.
7:13 of 2nd period - Mikael Granlund wins face-off versus J.T. Miller in VEGAS Golden Knights zone.
7:21 of 2nd period - J.T. Miller is hit by Jordan Oesterle and loses puck.
7:44 of 2nd period - Shot by Nikita Kucherov.
7:44 of 2nd period - Stopped by Anton Forsberg without a rebound.
7:45 of 2nd period - Robert Thomas wins face-off versus Sebastian Aho in VEGAS Golden Knights zone.
8:40 of 2nd period - Icing by Olli Maatta.
8:41 of 2nd period - Sebastian Aho wins face-off versus J.T. Miller in VEGAS Golden Knights zone.
8:46 of 2nd period - J.T. Miller is hit by Tomas Tatar and loses puck.
9:01 of 2nd period - Shot by J.T. Miller.
9:01 of 2nd period - Shot Misses the Net.
9:16 of 2nd period - Icing by Alex Pietrangelo.
9:17 of 2nd period - Tyler Toffoli wins face-off versus Mikael Granlund in MINNESOTA Wild zone.
9:17 of 2nd period - Tyler Toffoli is hit by Andrei Svechnikov.
9:57 of 2nd period - Andrei Svechnikov is hit by Caleb Jones and loses puck.
10:29 of 2nd period - Minor Penalty to Filip Chytil for Cross-checking.
10:29 of 2nd period - Minor Penalty to Caleb Jones for Delaying the game.
10:30 of 2nd period - J.T. Miller wins face-off versus Sebastian Aho in MINNESOTA Wild zone.
12:06 of 2nd period - Shot by Jared McCann.
12:06 of 2nd period - Shot Blocked by Mattias Ekholm.
12:36 of 2nd period - Off-side.
12:37 of 2nd period - Yanni Gourde wins face-off versus Colton Sissons in neutral zone.
12:42 of 2nd period - Icing by Olli Maatta.
12:43 of 2nd period - Yanni Gourde wins face-off versus Colton Sissons in VEGAS Golden Knights zone.
13:56 of 2nd period - Shot by Noel Acciari.
13:56 of 2nd period - Shot Misses the Net.
14:20 of 2nd period - Shot by Tyler Toffoli.
14:20 of 2nd period - Shot Misses the Net.
14:22 of 2nd period - Shot by Tyler Toffoli.
14:22 of 2nd period - Stopped by Anton Forsberg without a rebound.
14:23 of 2nd period - Robert Thomas wins face-off versus Sebastian Aho in VEGAS Golden Knights zone.
14:26 of 2nd period - Shot by Kevin Fiala.
14:26 of 2nd period - Shot Misses the Net.
14:34 of 2nd period - Shot by Robert Thomas.
14:34 of 2nd period - Shot Blocked by Brenden Dillon.
14:36 of 2nd period - Shot by Alex Pietrangelo.
14:36 of 2nd period - Deflect By Kevin Fiala.
14:36 of 2nd period - Stopped by Anton Forsberg without a rebound.
14:37 of 2nd period - Mikael Granlund wins face-off versus Anton Lundell in VEGAS Golden Knights zone.
14:51 of 2nd period - Mikael Granlund is hit by Mattias Ekholm and loses puck.
14:58 of 2nd period - Brenden Dillon is hit by Mathieu Joseph and loses puck.
15:20 of 2nd period - Icing by Brenden Dillon.
15:21 of 2nd period - J.T. Miller wins face-off versus Mikael Granlund in VEGAS Golden Knights zone.
15:28 of 2nd period - Shot by Nikita Kucherov.
15:28 of 2nd period - Shot Blocked by Andrei Svechnikov.
15:55 of 2nd period - Morgan Rielly is hit by Adam Larsson and loses puck.
16:13 of 2nd period - Icing by Olli Maatta.
16:14 of 2nd period - Robert Thomas wins face-off versus Tomas Tatar in VEGAS Golden Knights zone.
16:25 of 2nd period - Shot by Robert Thomas.
16:25 of 2nd period - Shot Misses the Net.
16:27 of 2nd period - Shot by Mattias Ekholm.
16:27 of 2nd period - Shot Blocked by Adam Larsson.
16:31 of 2nd period - Shot by Kevin Fiala.
16:31 of 2nd period - Stopped by Anton Forsberg without a rebound.
16:32 of 2nd period - Colton Sissons wins face-off versus Taylor Hall in VEGAS Golden Knights zone.
16:47 of 2nd period - Shot by Trevor Moore.
16:47 of 2nd period - Shot Misses the Net.
16:49 of 2nd period - Shot by Trevor Moore.
16:49 of 2nd period - Goal by Trevor Moore - MINNESOTA Wild : 3 - VEGAS Golden Knights : 2.
16:50 of 2nd period - Noel Acciari wins face-off versus Robert Thomas in neutral zone.
16:52 of 2nd period - Adam Larsson is hit by Mattias Ekholm and loses puck.
16:59 of 2nd period - Shot by Noel Acciari.
16:59 of 2nd period - Shot Blocked by Mattias Ekholm.
17:01 of 2nd period - Shot by Olli Maatta.
17:01 of 2nd period - Stopped by Ilya Samsonov with a rebound.
17:03 of 2nd period - Shot by Adam Larsson.
17:03 of 2nd period - Stopped by Ilya Samsonov without a rebound.
17:04 of 2nd period - J.T. Miller wins face-off versus Sebastian Aho in MINNESOTA Wild zone.
17:13 of 2nd period - Icing by Morgan Rielly.
17:14 of 2nd period - J.T. Miller wins face-off versus Alex Killorn in MINNESOTA Wild zone.
17:14 of 2nd period - J.T. Miller is hit by Mikael Granlund.
17:38 of 2nd period - Alexandre Carrier is hit by Andrei Svechnikov and loses puck.
17:52 of 2nd period - Shot by Olli Maatta.
17:52 of 2nd period - Shot Misses the Net.
18:29 of 2nd period - Shot by Robert Thomas.
18:29 of 2nd period - Shot Misses the Net.
19:12 of 2nd period - Off-side.
19:13 of 2nd period - Anton Lundell wins face-off versus Colton Sissons in neutral zone.
19:33 of 2nd period - Shot by Denis Malgin.
19:33 of 2nd period - Stopped by Anton Forsberg without a rebound.
19:34 of 2nd period - Sebastian Aho wins face-off versus Tyler Toffoli in VEGAS Golden Knights zone.
Goals for this period are 2 for MINNESOTA Wild vs 0 for VEGAS Golden Knights.
Shots for this period are 11 for MINNESOTA Wild vs 4 for VEGAS Golden Knights.

3rd period


0:01 of 3rd period - Sebastian Aho wins face-off versus J.T. Miller in neutral zone.
0:04 of 3rd period - Alex Pietrangelo is hit by Sebastian Aho and loses puck.
0:38 of 3rd period - Shot by J.T. Miller.
0:38 of 3rd period - Stopped by Anton Forsberg without a rebound.
0:39 of 3rd period - Colton Sissons wins face-off versus Robert Thomas in VEGAS Golden Knights zone.
0:49 of 3rd period - Shot by Martin Necas.
0:49 of 3rd period - Shot Misses the Net.
0:51 of 3rd period - Shot by Alexandre Carrier.
0:51 of 3rd period - Shot Blocked by Filip Chytil.
1:01 of 3rd period - Shot by Kevin Fiala.
1:01 of 3rd period - Stopped by Anton Forsberg without a rebound.
1:02 of 3rd period - Yanni Gourde wins face-off versus Mikael Granlund in VEGAS Golden Knights zone.
1:15 of 3rd period - Shot by Yanni Gourde.
1:15 of 3rd period - Stopped by Anton Forsberg without a rebound.
1:16 of 3rd period - J.T. Miller wins face-off versus Sebastian Aho in VEGAS Golden Knights zone.
1:20 of 3rd period - Minor Penalty to J.T. Miller for Delaying the game.
1:21 of 3rd period - Sebastian Aho wins face-off versus Trevor Moore in MINNESOTA Wild zone.
1:33 of 3rd period - Alex Pietrangelo is hit by Sebastian Aho and loses puck.
2:03 of 3rd period - Shot by Alex Killorn.
2:03 of 3rd period - Stopped by Ilya Samsonov without a rebound.
2:04 of 3rd period - Trevor Moore wins face-off versus Colton Sissons in MINNESOTA Wild zone.
2:10 of 3rd period - Icing by Colton Sissons.
2:11 of 3rd period - Trevor Moore wins face-off versus Colton Sissons in VEGAS Golden Knights zone.
2:22 of 3rd period - Shot by Tony DeAngelo.
2:22 of 3rd period - Stopped by Ilya Samsonov without a rebound.
2:23 of 3rd period - Trevor Moore wins face-off versus Sebastian Aho in MINNESOTA Wild zone.
2:38 of 3rd period - Shot by Andrei Svechnikov.
2:38 of 3rd period - Shot Misses the Net.
3:20 of 3rd period - Anton Lundell is hit by Adam Larsson and loses puck.
3:28 of 3rd period - Nikita Kucherov is hit by Olli Maatta.
3:30 of 3rd period - Shot by J.T. Miller.
3:30 of 3rd period - Shot Misses the Net.
3:32 of 3rd period - Shot by Zach Werenski.
3:32 of 3rd period - Stopped by Anton Forsberg with a rebound.
3:40 of 3rd period - Shot by J.T. Miller.
3:40 of 3rd period - Stopped by Anton Forsberg without a rebound.
3:41 of 3rd period - Colton Sissons wins face-off versus Martin Necas in VEGAS Golden Knights zone.
3:49 of 3rd period - Off-side.
3:50 of 3rd period - J.T. Miller wins face-off versus Colton Sissons in neutral zone.
4:16 of 3rd period - Shot by Colton Sissons.
4:16 of 3rd period - Shot Misses the Net.
4:18 of 3rd period - Shot by Evgenii Dadonov.
4:18 of 3rd period - Shot Blocked by Mattias Ekholm.
4:20 of 3rd period - Shot by Adam Larsson.
4:20 of 3rd period - Stopped by Ilya Samsonov without a rebound.
4:21 of 3rd period - Sebastian Aho wins face-off versus Kevin Fiala in MINNESOTA Wild zone.
4:49 of 3rd period - Icing by Noah Hanifin.
4:50 of 3rd period - J.T. Miller wins face-off versus Sebastian Aho in VEGAS Golden Knights zone.
5:03 of 3rd period - Noah Hanifin is hit by Tyler Toffoli and loses puck.
5:18 of 3rd period - Shot by Tyler Toffoli.
5:18 of 3rd period - Shot Misses the Net.
5:20 of 3rd period - Shot by Alex Pietrangelo.
5:20 of 3rd period - Stopped by Anton Forsberg without a rebound.
5:21 of 3rd period - Robert Thomas wins face-off versus Mikael Granlund in VEGAS Golden Knights zone.
5:34 of 3rd period - Shot by Andrei Svechnikov.
5:34 of 3rd period - Stopped by Ilya Samsonov with a rebound.
5:40 of 3rd period - Shot by Robert Thomas.
5:40 of 3rd period - Stopped by Anton Forsberg with a rebound.
5:42 of 3rd period - Shot by Martin Necas.
5:42 of 3rd period - Stopped by Anton Forsberg without a rebound.
5:43 of 3rd period - Colton Sissons wins face-off versus Yanni Gourde in VEGAS Golden Knights zone.
5:43 of 3rd period - Colton Sissons is hit by Trevor Moore.
5:48 of 3rd period - Off-side.
5:49 of 3rd period - J.T. Miller wins face-off versus Mikael Granlund in neutral zone.
6:05 of 3rd period - Off-side.
6:06 of 3rd period - Martin Necas wins face-off versus Sebastian Aho in neutral zone.
6:06 of 3rd period - Morgan Rielly is hit by Sebastian Aho and loses puck.
6:11 of 3rd period - Shot by Sebastian Aho.
6:11 of 3rd period - Deflect By Tomas Tatar.
6:11 of 3rd period - Shot Blocked by Alexandre Carrier.
6:13 of 3rd period - Shot by Sebastian Aho.
6:13 of 3rd period - Shot Blocked by Morgan Rielly.
6:27 of 3rd period - Shot by Martin Necas.
6:27 of 3rd period - Goal by Martin Necas - MINNESOTA Wild : 4 - VEGAS Golden Knights : 2.
6:28 of 3rd period - J.T. Miller wins face-off versus Evgenii Dadonov in neutral zone.
6:28 of 3rd period - Tyler Toffoli is hit by Filip Chytil.
6:34 of 3rd period - Shot by Tyler Toffoli.
6:34 of 3rd period - Stopped by Anton Forsberg without a rebound.
6:35 of 3rd period - J.T. Miller wins face-off versus Sebastian Aho in VEGAS Golden Knights zone.
6:42 of 3rd period - Shot by Nikita Kucherov.
6:42 of 3rd period - Goal by Nikita Kucherov - MINNESOTA Wild : 5 - VEGAS Golden Knights : 2.
6:43 of 3rd period - Sebastian Aho wins face-off versus J.T. Miller in neutral zone.
7:20 of 3rd period - Icing by Alex Pietrangelo.
7:21 of 3rd period - Colton Sissons wins face-off versus Nikita Kucherov in MINNESOTA Wild zone.
7:39 of 3rd period - Icing by J.T. Miller.
7:40 of 3rd period - J.T. Miller wins face-off versus Mikael Granlund in MINNESOTA Wild zone.
8:12 of 3rd period - Shot by Andrei Svechnikov.
8:12 of 3rd period - Stopped by Ilya Samsonov with a rebound.
8:14 of 3rd period - Shot by Mikael Granlund.
8:14 of 3rd period - Shot Blocked by Morgan Rielly.
8:16 of 3rd period - Shot by Mikael Granlund.
8:16 of 3rd period - Deflect By Alex Killorn.
8:16 of 3rd period - Shot Misses the Net.
8:18 of 3rd period - Shot by Alex Killorn.
8:18 of 3rd period - Stopped by Ilya Samsonov without a rebound.
8:19 of 3rd period - Yanni Gourde wins face-off versus Tomas Tatar in MINNESOTA Wild zone.
8:24 of 3rd period - Shot by Sebastian Aho.
8:24 of 3rd period - Stopped by Ilya Samsonov without a rebound.
8:25 of 3rd period - Sebastian Aho wins face-off versus Taylor Hall in MINNESOTA Wild zone.
8:25 of 3rd period - Olli Maatta is hit by Caleb Jones and loses puck.
8:34 of 3rd period - Shot by Adam Larsson.
8:34 of 3rd period - Stopped by Ilya Samsonov without a rebound.
8:35 of 3rd period - Robert Thomas wins face-off versus Colton Sissons in MINNESOTA Wild zone.
9:00 of 3rd period - Shot by Filip Chytil.
9:00 of 3rd period - Shot Misses the Net.
9:02 of 3rd period - Shot by Filip Chytil.
9:02 of 3rd period - Shot Blocked by Mattias Ekholm.
9:04 of 3rd period - Shot by Filip Chytil.
9:04 of 3rd period - Shot Misses the Net.
9:06 of 3rd period - Shot by Filip Chytil.
9:06 of 3rd period - Goal by Filip Chytil - MINNESOTA Wild : 5 - VEGAS Golden Knights : 3.
9:07 of 3rd period - J.T. Miller wins face-off versus Sebastian Aho in neutral zone.
9:21 of 3rd period - Icing by Adam Larsson.
9:22 of 3rd period - Sebastian Aho wins face-off versus Yanni Gourde in VEGAS Golden Knights zone.
10:08 of 3rd period - Icing by Adam Larsson.
10:09 of 3rd period - Sebastian Aho wins face-off versus J.T. Miller in VEGAS Golden Knights zone.
10:50 of 3rd period - Icing by Mattias Ekholm.
10:51 of 3rd period - Tyler Toffoli wins face-off versus Colton Sissons in MINNESOTA Wild zone.
11:17 of 3rd period - Colton Sissons is hit by Alexandre Carrier and loses puck.
12:24 of 3rd period - Minor Penalty to Andrei Svechnikov for Tripping.
12:25 of 3rd period - J.T. Miller wins face-off versus Colton Sissons in VEGAS Golden Knights zone.
12:26 of 3rd period - Shot by Mattias Ekholm.
12:26 of 3rd period - Stopped by Anton Forsberg without a rebound.
12:27 of 3rd period - Colton Sissons wins face-off versus J.T. Miller in VEGAS Golden Knights zone.
12:33 of 3rd period - Icing by Alex Pietrangelo.
12:34 of 3rd period - Colton Sissons wins face-off versus Tyler Toffoli in MINNESOTA Wild zone.
14:13 of 3rd period - Mattias Ekholm is hit by Alex Killorn and loses puck.
14:28 of 3rd period - Shot by Trevor Moore.
14:28 of 3rd period - Shot Misses the Net.
14:30 of 3rd period - Shot by Taylor Hall.
14:30 of 3rd period - Deflect By Trevor Moore.
14:30 of 3rd period - Stopped by Anton Forsberg without a rebound.
14:31 of 3rd period - Trevor Moore wins face-off versus Mikael Granlund in VEGAS Golden Knights zone.
15:47 of 3rd period - Icing by Mathieu Joseph.
15:48 of 3rd period - Anton Lundell wins face-off versus Sebastian Aho in MINNESOTA Wild zone.
15:53 of 3rd period - Shot by Anton Lundell.
15:53 of 3rd period - Shot Blocked by Noah Hanifin.
15:55 of 3rd period - Shot by Alexandre Carrier.
15:55 of 3rd period - Shot Blocked by Noah Hanifin.
15:57 of 3rd period - Shot by Anton Lundell.
15:57 of 3rd period - Stopped by Anton Forsberg with a rebound.
16:10 of 3rd period - Anton Lundell is hit by Tomas Tatar.
16:23 of 3rd period - Sebastian Aho is hit by Nikita Kucherov and loses puck.
16:27 of 3rd period - Tony DeAngelo is hit by Alex Pietrangelo and loses puck.
17:26 of 3rd period - Icing by Brenden Dillon.
17:27 of 3rd period - Yanni Gourde wins face-off versus Noel Acciari in VEGAS Golden Knights zone.
17:30 of 3rd period - Shot by Taylor Hall.
17:30 of 3rd period - Stopped by Anton Forsberg with a rebound.
18:01 of 3rd period - Shot by Adam Larsson.
18:01 of 3rd period - Goal by Adam Larsson - MINNESOTA Wild : 5 - VEGAS Golden Knights : 4.
18:02 of 3rd period - Sebastian Aho wins face-off versus Robert Thomas in neutral zone.
18:09 of 3rd period - Shot by Sebastian Aho.
18:09 of 3rd period - Deflect By Tomas Tatar.
18:09 of 3rd period - Shot Misses the Net.
18:15 of 3rd period - Shot by Jared McCann.
18:15 of 3rd period - Stopped by Ilya Samsonov without a rebound.
18:16 of 3rd period - J.T. Miller wins face-off versus Colton Sissons in MINNESOTA Wild zone.
18:16 of 3rd period - J.T. Miller is hit by Colton Sissons.
18:22 of 3rd period - Shot by Nikita Kucherov.
18:22 of 3rd period - Stopped by Anton Forsberg with a rebound.
18:44 of 3rd period - Shot by Zach Werenski.
18:44 of 3rd period - Shot Misses the Net.
18:46 of 3rd period - Shot by J.T. Miller.
18:46 of 3rd period - Shot Misses the Net.
18:48 of 3rd period - Shot by J.T. Miller.
18:48 of 3rd period - Goal by J.T. Miller - MINNESOTA Wild : 6 - VEGAS Golden Knights : 4.
18:49 of 3rd period - Sebastian Aho wins face-off versus Robert Thomas in neutral zone.
19:11 of 3rd period - Icing by Alex Pietrangelo.
19:12 of 3rd period - Kevin Fiala wins face-off versus Mikael Granlund in MINNESOTA Wild zone.
19:12 of 3rd period - Kevin Fiala is hit by Andrei Svechnikov.
19:34 of 3rd period - Shot by Mikael Granlund.
19:34 of 3rd period - Stopped by Ilya Samsonov without a rebound.
19:34 of 3rd period - Minor Penalty to Mattias Ekholm for Holding.
19:35 of 3rd period - J.T. Miller wins face-off versus Tomas Tatar in MINNESOTA Wild zone.
Goals for this period are 3 for MINNESOTA Wild vs 2 for VEGAS Golden Knights.
Shots for this period are 17 for MINNESOTA Wild vs 12 for VEGAS Golden Knights. Output by the SimonT Hockey Simulator (STHS) for Martin Benoit - Original Page W3C HTML5 Valid
Hockey Simulator - Hockey Simulation - Hockey Manager